Map: Dusk Towers

Players

LilDicky - Winner!

  • Race: Terran Terran
  • League: Diamond

rawwrr

  • Race: Zerg Zerg

VOD

http://www.twitch.tv/tumescentpie

Description

Time

  • Played on: Nov. 30, 2015, 3:33 p.m.
  • Length: 17:04
Show
View Real Time Build Order
Export as new Build Order

LilDicky Terran - Winner!

Build Orders:  

Get SALT Encoding   

  12  0:01  SCV  
  13  0:13  SCV  
  14  0:18  Supply Depot  
  14  0:25  SCV  
  15  0:28  Refinery  
  15  0:40  SCV  
  16  0:51  Barracks  
  16  0:52  SCV  
  17  1:04  SCV  
  18  1:19  SCV  
  19  1:32  SCV  
  20  1:39  Reaper  
  21  1:44  Orbital Command  
  21  1:52  Command Center  
  21  1:57  Supply Depot  
  21  2:09  SCV  
  21  2:13  Marine  
  23  2:24  Factory  
  23  2:29  SCV  
  24  2:37  Barracks Tech Lab  
  24  2:42  SCV  
  25  2:45  Refinery  
  25  2:54  SCV  
  26  3:06  SCV  
  27  3:16  Orbital Command  
  27  3:18  SCV  
  27  3:19  Siege Tank  
  31  3:26  Starport  
  31  3:27  Barracks Reactor  
  31  3:30  SCV  
  32  3:36  Command Center  
  32  3:43  SCV  
  32  3:45  SCV  
  34  3:52  Siege Tank  
  34  3:55  SCV  
  37  3:58  SCV  
  38  4:02  Refinery  
  38  4:04  Liberator  
  38  4:07  SCV  
  38  4:08  Marine x2  
  41  4:22  Command Center  
  44  4:27  SCV  
  44  4:28  Refinery, Marine  
  46  4:35  Marine  
  46  4:38  Siege Tank  
  50  4:49  SCV  
  50  4:50  SCV, Orbital Command  
  52  4:56  Marine x2  
  54  5:01  SCV  
  55  5:12  Siege Tank  
  58  5:15  Orbital Command  
  58  5:23  SCV  
  59  5:35  Barracks Reactor  
  59  5:39  Barracks x2  
  59  5:53  SCV x3  
  59  5:56  Orbital Command  
  62  6:01  Engineering Bay  
  62  6:03  Siege Tank  
  65  6:04  Engineering Bay  
  65  6:10  Liberator x2  
  65  6:11  SCV x2  
  67  6:17  Marine x2  
  69  6:20  SCV  
  69  6:23  SCV  
  69  6:24  Refinery  
  78  6:33  Terran Infantry Weapons Level 1, Terran Infantry Armor Level 1  
  78  6:34  Marine  
  78  6:35  Marine  
  78  6:39  Barracks Tech Lab x2  
  79  6:52  SCV x2, Marine x2  
  79  6:53  Orbital Command  
  83  6:57  Barracks  
  83  6:58  Barracks  
  83  7:00  Barracks  
  83  7:01  Missile Turret  
  83  7:02  Barracks  
  83  7:03  Missile Turret  
  83  7:08  Missile Turret  
  83  7:11  Missile Turret  
  83  7:18  Supply Depot  
  83  7:20  SCV  
  83  7:21  Supply Depot  
  84  7:28  Refinery  
  84  7:31  SCV, Siege Tank, Medivac x2  
  92  7:39  Marine x3  
  92  7:40  SCV x2  
  92  7:42  Supply Depot  
  92  7:43  SCV  
  98  7:47  Barracks Tech Lab, Missile Turret  
  98  7:48  Barracks Reactor x3  
  98  7:49  Marine  
  99  7:52  Combat Shields, Stimpack, Liberator  
  99  7:54  Barracks Reactor  
  99  7:57  Marine  
  99  7:58  Marauder  
  102  8:00  Armory  
  102  8:06  Marine  
  102  8:07  Marauder  
  108  8:15  Marine  
  108  8:19  Marauder  
  111  8:20  Missile Turret  
  111  8:23  SCV  
  111  8:24  Marine  
  113  8:27  Marine  
  113  8:28  Marine x2  
  116  8:41  Supply Depot x2  
  116  8:42  Supply Depot  
  116  8:48  Terran Infantry Weapons Level 2  
  116  8:50  Terran Infantry Armor Level 2  
  116  8:53  Supply Depot  
  116  8:58  Refinery  
  116  9:00  Refinery  
  116  9:02  SCV x2, Marine x3  
  124  9:03  SCV, Marauder x2  
  126  9:14  Liberator x2  
  126  9:15  Marine  
  127  9:19  Supply Depot  
  131  9:24  Marauder x2  
  131  9:26  SCV x2  
  131  9:27  Command Center, SCV x2, Marine  
  131  9:28  Marine  
  140  9:36  Starport  
  140  9:37  Marine x2  
  145  9:38  SCV  
  145  9:44  Supply Depot  
  145  9:45  Marauder x2, Marine  
  151  9:46  Armory  
  151  9:52  Marine x3  
  154  10:07  Marauder x2  
  154  10:15  Starport Tech Lab  
  154  10:22  Fusion Core  
  154  10:49  Missile Turret  
  154  10:50  Missile Turret  
  154  10:51  Missile Turret  
  154  10:53  Missile Turret  
  154  10:59  Missile Turret  
  147  11:29  Marine x4  
  147  11:30  Planetary Fortress, Marauder x2  
  153  11:36  Marine  
  153  11:47  Marine x2  
  140  11:49  Marine  
  140  11:50  Marine x4  
  140  11:51  Marauder x2, Medivac x2  
  140  11:52  Cloaking Field  
  149  11:56  Terran Vehicle And Ship Armor Level 1, Terran Vehicle Weapons Level 1  
  149  11:58  Terran Infantry Weapons Level 3  
  149  11:59  Terran Infantry Armor Level 3  
  149  12:00  Behemoth Reactor  
  152  12:02  Starport, Marine x3  
  152  12:04  Marine  
  152  12:05  Marine  
  157  12:11  Liberator x2  
  157  12:13  Marauder x2  
  157  12:14  SCV x4, Missile Turret  
  165  12:17  Missile Turret  
  165  12:18  Missile Turret  
  165  12:24  Marine  
  165  12:25  Command Center, Marine x5  
  165  12:26  Medivac  
  165  12:28  Command Center  
  176  12:34  Marauder x2  
  163  12:39  Siege Tank, Liberator  
  166  12:48  Starport Tech Lab  
  166  12:50  Factory x2  
  166  12:55  Marauder x2  
  166  12:57  Weapon Refit  
  166  12:58  Supply Depot  
  173  13:06  Advanced Ballistics  
  173  13:07  Banshee  
  173  13:11  Supply Depot, Hyperflight Rotors  
  176  13:17  Marauder x2  
  113  13:35  Marine  
  113  13:36  Marine x8  
  113  13:38  Marauder x2, Marine  
  119  13:41  Siege Tank  
  119  13:43  Factory Tech Lab x2  
  118  13:53  Marine x2  
  118  13:54  Marine x3  
  117  13:59  Marauder  
  117  14:00  Marauder  
  113  14:05  Liberator x2  
  113  14:06  Siege Tank x2  
  114  14:13  Siege Tank, Marine  
  118  14:21  Banshee x2, Marauder x2  
  134  14:31  Command Center  
  134  14:34  Marine  
  134  14:35  Missile Turret, Marine x3  
  134  14:37  Missile Turret  
  134  14:38  Siege Tank x2, Missile Turret  
  144  14:42  Marauder x2  
  148  14:45  Siege Tank  
  148  14:47  Liberator  
  148  14:51  Missile Turret  
  151  14:54  Missile Turret  
  151  15:04  Banshee, Marauder x2  
  151  15:06  Missile Turret  
  161  15:10  Missile Turret  
  161  15:11  Marine  
  161  15:12  Marine  
  153  15:19  Marine  
  129  15:25  Marauder x2  
  119  15:32  Marine x5  
  119  15:33  Marine x4  
  128  15:37  Marine  
  128  15:39  Command Center  
  128  15:41  SCV  
  128  15:42  SCV x2  
  132  15:45  Planetary Fortress  
  132  15:46  Marauder  
  132  15:47  Marauder  
  132  15:49  Refinery  
  136  15:50  Marine x9  
  136  15:51  Orbital Command  
  136  15:52  Refinery  
  136  15:53  SCV  
  136  15:54  SCV  
  136  15:55  Marine  
  148  16:08  Marauder x2, Marine x2  
  154  16:17  Marine x3  
  157  16:19  Banshee, Medivac x3  
  166  16:26  Marine  
  166  16:27  Marine  
  166  16:29  Marauder x2  
  166  16:30  Marine  
  166  16:31  Siege Tank x3  
  182  16:43  Missile Turret x2  
  178  16:57  Command Center  
  182  17:02  Ghost Academy  
  182  17:03  Supply Depot  
Show
View Real Time Build Order
Export as new Build Order

rawwrr Zerg 

Build Orders: Hatch First 

Get SALT Encoding   

  12  0:01  Drone  
  13  0:12  Overlord  
  13  0:17  Drone  
  14  0:30  Drone x2  
  14  0:35  Drone  
  17  0:55  Hatchery  
  17  0:56  Drone  
  17  0:59  Drone  
  18  1:20  Spawning Pool  
  18  1:22  Drone  
  18  1:25  Extractor  
  17  1:38  Drone x2  
  19  1:51  Extractor  
  18  1:54  Drone x2  
  20  2:02  Hatchery  
  20  2:08  Drone x2  
  21  2:15  Drone  
  23  2:23  Queen  
  23  2:27  Queen  
  27  2:32  Zergling x2  
  28  2:44  Metabolic Boost  
  27  2:45  Zergling x2  
  27  2:46  Overlord  
  27  3:09  Lair  
  27  3:10  Drone x5  
  32  3:15  Queen  
  34  3:32  Drone x2  
  34  3:33  Drone, Roach Warren  
  37  3:34  Drone  
  37  3:40  Extractor  
  36  3:44  Zergling x6  
  39  3:56  Drone  
  39  3:57  Drone  
  39  3:58  Overlord  
  39  3:59  Overlord  
  41  4:07  Evolution Chamber  
  41  4:09  Evolution Chamber, Extractor  
  38  4:10  Extractor  
  38  4:15  Drone x3  
  40  4:18  Glial Reconstitution  
  40  4:23  Overseer  
  40  4:38  Roach x3  
  46  4:39  Roach  
  46  4:40  Drone  
  46  4:41  Drone  
  50  4:45  Drone  
  50  4:46  Drone  
  50  4:50  Drone  
  53  5:03  Drone x4  
  57  5:13  Spore Crawler  
  56  5:15  Spore Crawler  
  56  5:19  Overlord  
  56  5:20  Overlord  
  55  5:27  Overlord x2  
  55  5:32  Overseer  
  55  5:36  Zerg Missile Weapons Level 1  
  55  5:38  Zerg Ground Armor Level 1  
  55  5:40  Ravager x2  
  55  5:42  Ravager  
  58  5:43  Ravager  
  59  5:51  Baneling Nest  
  58  5:58  Hydralisk Den  
  58  5:59  Spore Crawler  
  58  6:02  Spore Crawler  
  58  6:03  Drone x2  
  57  6:04  Drone  
  57  6:07  Drone  
  57  6:09  Drone  
  60  6:12  Drone  
  60  6:14  Drone  
  62  6:39  Drone x4, Extractor  
  65  6:40  Drone x2, Extractor  
  65  6:43  Roach  
  65  6:44  Roach x2  
  72  6:48  Muscular Augments  
  72  7:05  Ravager  
  72  7:06  Overlord x2  
  72  7:07  Overlord x2  
  73  7:09  Overseer x2  
  73  7:26  Roach x6  
  85  7:34  Zerg Missile Weapons Level 2  
  85  7:41  Zerg Ground Armor Level 2  
  85  7:47  Ravager x2  
  85  7:48  Ravager x2  
  89  7:52  Drone x3  
  89  7:58  Overlord  
  92  8:08  Roach  
  92  8:09  Roach x3  
  92  8:12  Ravager x4  
  104  8:21  Hydralisk x2  
  104  8:23  Hydralisk  
  110  8:27  Drone x2  
  110  8:31  Ravager  
  113  8:39  Overlord x3  
  113  8:57  Hydralisk x5  
  113  8:58  Hydralisk  
  113  9:00  Ravager x2  
  113  9:01  Ravager  
  128  9:06  Roach x2  
  128  9:08  Roach  
  134  9:11  Roach  
  136  9:17  Overseer  
  136  9:19  Overseer x4  
  136  9:21  Overseer  
  136  9:23  Overseer  
  136  9:30  Overlord x2  
  136  9:33  Overlord  
  136  9:35  Drone  
  137  9:53  Roach  
  137  9:54  Roach x6  
  137  9:55  Roach  
  153  10:04  Hydralisk x3  
  159  10:10  Ravager x2  
  159  10:12  Overlord x2  
  161  10:16  Overlord  
  161  10:32  Ravager  
  161  10:33  Ravager x9  
  161  10:35  Hydralisk x4  
  179  11:00  Overlord x3  
  179  11:07  Infestation Pit  
  176  11:17  Hatchery  
  170  11:46  Roach Warren  
  169  11:57  Hydralisk  
  169  11:58  Hydralisk x14  
  199  12:18  Overlord  
  168  12:39  Roach  
  168  12:40  Roach x8  
  168  12:42  Hive  
  186  13:00  Extractor  
  186  13:02  Overseer x2  
  186  13:04  Overseer x2, Extractor  
  128  13:33  Roach  
  101  13:34  Roach x15  
  117  13:42  Overlord x3  
  102  14:07  Hydralisk x2  
  102  14:08  Hydralisk x8  
  117  14:13  Ravager  
  117  14:14  Ravager x9  
  117  14:15  Ravager  
  128  14:20  Overlord  
  128  14:33  Overlord x2  
  128  14:41  Overseer x2  
  128  14:44  Overseer  
  128  14:45  Overseer  
  128  14:49  Overlord x2  
  128  14:50  Overlord  
  128  14:51  Queen  
  63  15:31  Roach x8  
  63  15:32  Roach x8  
  63  15:35  Drone  
  94  15:36  Drone  
  95  16:19  Ravager  
  95  16:20  Ravager x9  
  95  16:22  Ravager  
  106  16:30  Roach x2  
  106  16:31  Roach x4  
  118  16:39  Roach x2  
  122  16:44  Roach x4  
  118  16:57  Ravager x4  
Tags
 
Add a new tag
Caveats
  • Supply blocks, unpowered buildings, or Contaminate may cause inaccurate times.
  • Supply counts are checked every 10 seconds.